PAAA
BAKERSFIELD NOBLES @ HOUSTON BC
09/16/2029
 
TOP OF THE 1ST
Bakersfield Nobles batting - Pitching for Houston BC : RHP Arnout Els
Pitching: RHP Arnout Els
Batting: RHB Francisco Agámez 0-0: Ball
1-0: Ground out 6-3 (Groundball, 6)
Batting: LHB Hideki Hisanobu 0-0: Called Strike
0-1: Ground out 4-3 (Groundball, 4MD)
Batting: LHB Theo Fightmaster 0-0: Ball
1-0: Called Strike
1-1: Swinging Strike
1-2: Ball
2-2: SINGLE (Groundball, 34D)
Batting: LHB Jorge Alejándrez 0-0: Ball
1-0: Called Strike
1-1: Foul Ball, location: 2F
1-2: Ball
2-2: SINGLE (Line Drive, 7LS)
Theo Fightmaster to second
Batting: SHB Jason Alexander 0-0: Ball
1-0: Ball
2-0: Swinging Strike
2-1: Foul Ball, location: 2F
2-2: Strikes out looking
Top of the 1st over - 0 runs, 2 hits, 0 errors, 2 left on base; Bakersfield 0 - Houston 0
BOTTOM OF THE 1ST
Houston BC batting - Pitching for Bakersfield Nobles : RHP Jorge Castillo
Pitching: RHP Jorge Castillo
Batting: RHB Habbo Allaart 0-0: Called Strike
0-1: Ball
1-1: Ground out U3 (Groundball, 3)
Batting: RHB Alfredo Mojica 0-0: Called Strike
0-1: Swinging Strike
0-2: Strikes out swinging
Batting: LHB Dawit Lihalakha 0-0: Called Strike
0-1: Swinging Strike
0-2: Ball
1-2: Foul Ball, location: 2F
1-2: Strikes out swinging
Bottom of the 1st over - 0 runs, 0 hits, 0 errors, 0 left on base; Bakersfield 0 - Houston 0
TOP OF THE 2ND
Bakersfield Nobles batting - Pitching for Houston BC : RHP Arnout Els
Batting: RHB António Ramírez 0-0: Ball
1-0: Ball
2-0: SINGLE (Line Drive, 4) (infield hit)
Batting: RHB Mario Blanco 0-0: Called Strike
0-1: Foul Ball, location: 2F
0-2: Ball
1-2: Foul Ball, location: 2F
1-2: Fly out, F2 (Popup, 13S)
Batting: RHB Omer Yurtseven 0-0: Swinging Strike
0-1: Ball
1-1: Called Strike
1-2: SINGLE (Flyball, 89S)
António Ramírez to second
António Ramírez to third
Batting: RHB Yosuke Hayashi 0-0: Foul Ball, location: 2F
0-1: Fielders Choice at 2nd, 5-4 (Groundball, 56)
António Ramírez scores
Batting: RHB Francisco Agámez 0-0: Ball
1-0: Foul Ball, location: 2F
1-1: Fly out, F7 (Flyball, 7)
Top of the 2nd over - 1 run, 2 hits, 0 errors, 1 left on base; Bakersfield 1 - Houston 0
BOTTOM OF THE 2ND
Houston BC batting - Pitching for Bakersfield Nobles : RHP Jorge Castillo
Batting: RHB António López 0-0: Foul Ball, location: 2F
0-1: Foul Ball, location: 2F
0-2: Ground out 6-3 (Groundball, 6S)
Batting: RHB Alfonso Bocanegra 0-0: Fly out, F7 (Flyball, 78M)
Batting: LHB Álex Ramírez 0-0: Swinging Strike
0-1: Swinging Strike
0-2: Ball
1-2: Strikes out swinging
Bottom of the 2nd over - 0 runs, 0 hits, 0 errors, 0 left on base; Bakersfield 1 - Houston 0
TOP OF THE 3RD
Bakersfield Nobles batting - Pitching for Houston BC : RHP Arnout Els
Batting: LHB Hideki Hisanobu 0-0: Ball
1-0: Foul Ball, location: 2F
1-1: Called Strike
1-2: Strikes out swinging
Batting: LHB Theo Fightmaster 0-0: Swinging Strike
0-1: Foul Ball, location: 2F
0-2: Ball
1-2: Strikes out swinging
Batting: LHB Jorge Alejándrez 0-0: Called Strike
0-1: Ball
1-1: Ball
2-1: Ball
3-1: Base on Balls
Batting: SHB Jason Alexander 0-0: Called Strike
Jorge Alejándrez steals 2nd base
0-1: Foul Ball, location: 2F
0-2: Ball
1-2: Ball
2-2: Ball
3-2: Ground out 5-3 (Groundball, 56)
Top of the 3rd over - 0 runs, 0 hits, 0 errors, 1 left on base; Bakersfield 1 - Houston 0
BOTTOM OF THE 3RD
Houston BC batting - Pitching for Bakersfield Nobles : RHP Jorge Castillo
Batting: RHB Clarence Fox 0-0: Called Strike
0-1: Ball
1-1: Ball
2-1: Foul Ball, location: 2F
2-2: Ground out 1-3 (Groundball, 13)
Batting: RHB Tyler Utterback 0-0: Ball
1-0: Called Strike
1-1: Swinging Strike
1-2: Foul Ball, location: 2F
1-2: Strikes out looking
Batting: RHB Jorge Quezada 0-0: Called Strike
0-1: Ball
1-1: Foul Ball, location: 2F
1-2: Strikes out swinging
Bottom of the 3rd over - 0 runs, 0 hits, 0 errors, 0 left on base; Bakersfield 1 - Houston 0
TOP OF THE 4TH
Bakersfield Nobles batting - Pitching for Houston BC : RHP Arnout Els
Batting: RHB António Ramírez 0-0: Called Strike
0-1: Foul Ball, location: 2F
0-2: Ground out 6-3 (Groundball, 6)
Batting: RHB Mario Blanco 0-0: Called Strike
0-1: Called Strike
0-2: Ball
1-2: Ball
2-2: Ball
3-2: Foul Ball, location: 2F
3-2: SINGLE (Groundball, 34D)
Batting: RHB Omer Yurtseven 0-0: Called Strike
0-1: Fly out, F7 (Flyball, 7S)
Batting: RHB Yosuke Hayashi 0-0: Ball
1-0: Foul Ball, location: 2F
1-1: Reached on error, E4 (Groundball, 4M)
Mario Blanco to second
Batting: RHB Francisco Agámez 0-0: Ground out U3 (Groundball, 3)
Top of the 4th over - 0 runs, 1 hit, 1 error, 2 left on base; Bakersfield 1 - Houston 0
BOTTOM OF THE 4TH
Houston BC batting - Pitching for Bakersfield Nobles : RHP Jorge Castillo
Batting: RHB Habbo Allaart 0-0: Ground out 3-1 (Groundball, 23)
Batting: RHB Alfredo Mojica 0-0: SINGLE (Groundball, 6D)
Batting: LHB Dawit Lihalakha 0-0: Ball
1-0: Called Strike
1-1: Fly out, F8 (Flyball, 8LM)
Batting: RHB António López 0-0: Ball
1-0: Ball
2-0: Ball
3-0: Base on Balls
Alfredo Mojica to second
Batting: RHB Alfonso Bocanegra 0-0: Called Strike
0-1: Ball
1-1: Foul Ball, location: 2F
1-2: Ball
2-2: Strikes out looking
Bottom of the 4th over - 0 runs, 1 hit, 0 errors, 2 left on base; Bakersfield 1 - Houston 0
TOP OF THE 5TH
Bakersfield Nobles batting - Pitching for Houston BC : RHP Arnout Els
Batting: LHB Hideki Hisanobu 0-0: Hit by Pitch
Batting: LHB Theo Fightmaster 0-0: Fly out, F8 (Flyball, 78D)
Batting: LHB Jorge Alejándrez 0-0: Ball
1-0: Fly out, F9 (Flyball, 89S)
Batting: SHB Jason Alexander 0-0: Ball
1-0: Ball
2-0: Swinging Strike
2-1: Foul Ball, location: 2F
2-2: Ball
3-2: Ground out U3 (Groundball, 3L)
Top of the 5th over - 0 runs, 0 hits, 0 errors, 1 left on base; Bakersfield 1 - Houston 0
BOTTOM OF THE 5TH
Houston BC batting - Pitching for Bakersfield Nobles : RHP Jorge Castillo
Batting: LHB Álex Ramírez 0-0: Called Strike
0-1: Called Strike
0-2: Ball
1-2: Foul Ball, location: 2F
1-2: Foul Ball, location: 2F
1-2: Ball
2-2: Foul Ball, location: 2F
2-2: Ball
3-2: Base on Balls
Batting: RHB Clarence Fox 0-0: Ball
1-0: Bunted foul
1-1: Sac Bunt - play at first, batter OUT! 1-4
Álex Ramírez to second
Batting: RHB Tyler Utterback 0-0: Ball
1-0: Foul Ball, location: 2F
1-1: Ball
2-1: Called Strike
2-2: Ball
3-2: Foul Ball, location: 2F
3-2: Fly out, F7 (Flyball, 78M)
Batting: RHB Jorge Quezada 0-0: Called Strike
0-1: Ball
1-1: Ball
2-1: Foul Ball, location: 2F
2-2: Foul Ball, location: 2F
2-2: Fly out, F9 (Flyball, 9LD)
Bottom of the 5th over - 0 runs, 0 hits, 0 errors, 1 left on base; Bakersfield 1 - Houston 0
TOP OF THE 6TH
Bakersfield Nobles batting - Pitching for Houston BC : RHP Arnout Els
Batting: RHB António Ramírez 0-0: Called Strike
0-1: Foul Ball, location: 2F
0-2: Ball
1-2: Strikes out swinging
Batting: RHB Mario Blanco 0-0: Called Strike
0-1: Fly out, F7 (Line Drive, 7)
Batting: RHB Omer Yurtseven 0-0: Ball
1-0: SOLO HOME RUN (Flyball, 7D), Distance : 422 ft
Batting: RHB Yosuke Hayashi 0-0: Called Strike
0-1: Ball
1-1: Swinging Strike
1-2: Fly out, F2 (Popup, 2RF)
Top of the 6th over - 1 run, 1 hit, 0 errors, 0 left on base; Bakersfield 2 - Houston 0
BOTTOM OF THE 6TH
Houston BC batting - Pitching for Bakersfield Nobles : RHP Jorge Castillo
Batting: RHB Habbo Allaart 0-0: Ball
1-0: Foul Ball, location: 2F
1-1: Called Strike
1-2: Ball
2-2: Ball
3-2: Foul Ball, location: 2F
3-2: Ground out 6-3 (Groundball, 56)
Batting: RHB Alfredo Mojica 0-0: Ball
1-0: Ball
2-0: Called Strike
2-1: Ball
3-1: Base on Balls
Batting: LHB Dawit Lihalakha 0-0: Ball
1-0: Called Strike
1-1: Swinging Strike
1-2: Grounds into double play, 4-6-3 (Groundball, 4)
Bottom of the 6th over - 0 runs, 0 hits, 0 errors, 0 left on base; Bakersfield 2 - Houston 0
TOP OF THE 7TH
Bakersfield Nobles batting - Pitching for Houston BC : RHP Arnout Els
Batting: RHB Francisco Agámez 0-0: Hit by Pitch
Batting: LHB Hideki Hisanobu 0-0: Ball
1-0: Called Strike
1-1: Ball
2-1: Foul Ball, location: 2F
2-2: Foul Ball, location: 2F
2-2: Ball
3-2: Fly out, F9 (Line Drive, 9D)
Batting: LHB Theo Fightmaster 0-0: Ball
Francisco Agámez steals 2nd base
1-0: Ball
2-0: Foul Ball, location: 2F
2-1: Ball
3-1: Base on Balls
Batting: LHB Jorge Alejándrez 0-0: Ball
1-0: Ball
2-0: Ball
Francisco Agámez is caught stealing 3rd base
3-0: Called Strike
3-1: Fly out, F5 (Popup, 56S)
Top of the 7th over - 0 runs, 0 hits, 0 errors, 1 left on base; Bakersfield 2 - Houston 0
BOTTOM OF THE 7TH
Houston BC batting - Pitching for Bakersfield Nobles : RHP Jorge Castillo
Batting: RHB António López 0-0: Ball
1-0: Called Strike
1-1: Fly out, F8 (Flyball, 8RXD)
Pitching: LHP Luis Ochoa
Batting: RHB Alfonso Bocanegra 0-0: Called Strike
0-1: Foul Ball, location: 2F
0-2: Ball
1-2: Foul Ball, location: 2F
1-2: Ball
2-2: Foul Ball, location: 2F
2-2: Strikes out swinging
Batting: LHB Álex Ramírez 0-0: Ball
1-0: Foul Ball, location: 2F
1-1: Foul Ball, location: 2F
1-2: Foul Ball, location: 2F
1-2: Ball
2-2: Ball
3-2: Base on Balls
Batting: RHB Clarence Fox 0-0: Called Strike
0-1: Ball
1-1: Foul Ball, location: 2F
1-2: Foul Ball, location: 2F
1-2: Fielders Choice at 2nd, 5-4 (Groundball, 5)
Bottom of the 7th over - 0 runs, 0 hits, 0 errors, 1 left on base; Bakersfield 2 - Houston 0
TOP OF THE 8TH
Bakersfield Nobles batting - Pitching for Houston BC : RHP Arnout Els
Batting: SHB Jason Alexander 0-0: Fly out, F6 (Flyball, 6D)
Batting: RHB António Ramírez 0-0: Ball
1-0: Ground out 6-3 (Groundball, 6MD)
Batting: RHB Mario Blanco 0-0: Ball
1-0: Foul Ball, location: 2F
1-1: Foul Ball, location: 2F
1-2: Ball
2-2: SINGLE (Groundball, 6D)
Pitching: RHP Dan Hobbs
Batting: RHB Omer Yurtseven 0-0: Called Strike
0-1: Ball
1-1: Ball
2-1: SINGLE (Groundball, 34S) (infield hit)
Mario Blanco to second
Batting: RHB Yosuke Hayashi 0-0: Ball
1-0: Called Strike
1-1: Ball
2-1: Foul Ball, location: 2F
2-2: Foul Ball, location: 2F
2-2: Foul Ball, location: 2F
2-2: Ball
3-2: Base on Balls
Mario Blanco to third
Omer Yurtseven to second
Pinch Hitting: RHB Gabriel Maldonado 0-0: Ball
1-0: Called Strike
1-1: Foul Ball, location: 2F
1-2: Ball
2-2: Fielders Choice at 2nd, 5-4 (Groundball, 5)
Top of the 8th over - 0 runs, 2 hits, 0 errors, 3 left on base; Bakersfield 2 - Houston 0
BOTTOM OF THE 8TH
Houston BC batting - Pitching for Bakersfield Nobles : LHP Luis Ochoa
Now in CF: Keith Best
Batting: RHB Tyler Utterback 0-0: Ball
1-0: Ball
2-0: Ball
3-0: Base on Balls
Batting: RHB Jorge Quezada 0-0: Fly out, F7 (Flyball, 78S)
Batting: RHB Habbo Allaart 0-0: Grounds out, U3 (Groundball, 3L)
Batting: RHB Alfredo Mojica 0-0: Ball
1-0: Called Strike
1-1: Called Strike
1-2: Foul Ball, location: 2F
1-2: Foul Ball, location: 2F
1-2: Foul Ball, location: 2F
1-2: Fly out, F3 (Popup, 3L)
Bottom of the 8th over - 0 runs, 0 hits, 0 errors, 1 left on base; Bakersfield 2 - Houston 0
TOP OF THE 9TH
Bakersfield Nobles batting - Pitching for Houston BC : RHP Dan Hobbs
Batting: LHB Hideki Hisanobu 0-0: Ball
1-0: Foul Ball, location: 2F
1-1: Ball
2-1: Ground out U3 (Groundball, 34)
Batting: LHB Theo Fightmaster 0-0: Called Strike
0-1: Ball
1-1: Swinging Strike
1-2: Ball
2-2: Ball
3-2: Base on Balls
Batting: LHB Jorge Alejándrez 0-0: Ball
1-0: Grounds into double play, 6-4-3 (Groundball, 6)
Top of the 9th over - 0 runs, 0 hits, 0 errors, 0 left on base; Bakersfield 2 - Houston 0
BOTTOM OF THE 9TH
Houston BC batting - Pitching for Bakersfield Nobles : LHP Luis Ochoa
Batting: LHB Dawit Lihalakha 0-0: Called Strike
0-1: Foul Ball, location: 2F
0-2: Ball
1-2: Strikes out swinging
Batting: RHB António López 0-0: Ball
1-0: Fly out, F9 (Flyball, 9LSF)
Batting: RHB Alfonso Bocanegra 0-0: Called Strike
0-1: Ball
1-1: Fly out, F5 (Line Drive, 56)
Bottom of the 9th over - 0 runs, 0 hits, 0 errors, 0 left on base; Bakersfield 2 - Houston 0
Tuesday, December 19th, 2017 - OOTP Baseball 18.8 Build 76